 Dungeon Crawl Stone Soup version 0.28.0-43-g3370ac3207 (webtiles) character file.

Game seed: 1448820800395120800

655203 Peloso the Minotaur Barricade (level 27, -5/245 HPs)
             Began as a Minotaur Fighter on Mar 19, 2022.
             Was the Champion of Okawaru.
             Killed from afar by an orb of fire (16 damage)
             ... with a bolt of fire
             ... on level 4 of the Realm of Zot.
             The game lasted 04:15:24 (77492 turns).

Peloso the Minotaur Barricade (Minotaur Fighter)   Turns: 77492, Time: 04:15:24

Health: -5/245     AC: 41    Str: 33    XL:     27
Magic:  19/26      EV: 16    Int:  9    God:    Okawaru [******]
Gold:   7424       SH: 26    Dex: 17    Spells: 27/27 levels left

rFire   + + .      SeeInvis +   a - +4 double sword (vorpal)
rCold   + + +      Faith    +   c - +0 tower shield {reflect}
rNeg    + + .      Spirit   .   O - +8 gold dragon scales
rPois   +          Reflect  +   V - +0 hat of Generosity {Str+3 SInv}
rElec   +          Harm     .   g - +1 cloak {rPois}
rCorr   +          Rampage  .   L - +0 pair of gloves "Plog" {rC+ rCorr Int+4 Stlth-}
Will    +++++      Rage     1%  A - -1 pair of boots "Eluadgh" {rN+ Will+}
Stlth   ..........              k - amulet "Hekk" {Faith Will+++ Regen+ Str-2}
HPRegen 1.30/turn               o - ring "Gaptes" {*Corrode rElec rN+ Dex+3}
MPRegen 0.20/turn               H - ring "Ilerurph" {rF+ rCorr Str+3 Slay+6}

@: no status effects
A: horns 2, retaliatory headbutt, berserk 1, cold resistance 1, frail 1, low MP
1, strong-willed 1, weak 1
}: 4/15 runes: decaying, serpentine, slimy, silver
a: Renounce Religion, Heroism, Finesse, Duel


You were on level 4 of the Realm of Zot.
You worshipped Okawaru.
Okawaru was exalted by your worship.
You visited 12 branches of the dungeon, and saw 56 of its levels.
You visited the Abyss 1 time.
You also visited: Trove, Bailey, Gauntlet, Ice Cave and Desolation.

You collected 8625 gold pieces.
You spent 1201 gold pieces at shops.

Inventory:

Hand Weapons
 a - a +4 vorpal double sword (weapon)
 b - the +9 sword of Zonguldrok {reap}
   (You found it on level 14 of the Dungeon)

   Any living foe damaged by it may be reanimated upon death as a zombie
   friendly to the wielder, with an increasing chance as more damage is dealt.
 x - the +4 falchion "Suazul" {vorpal, rElec rN+ Dex+3}
   (Okawaru gifted it to you on level 3 of the Realm of Zot)

   It inflicts extra damage upon your enemies.
   Dex:       It affects your dexterity (+3).
   rElec:     It insulates you from electricity.
   rN:        It protects you from negative energy.
 E - a +2 double sword of protection
Armour
 c - a +0 tower shield of reflection (worn)
 d - +0 gold dragon scales
 g - a +1 cloak of poison resistance (worn)
 A - the -1 pair of boots "Eluadgh" (worn) {rN+ Will+}
   (Okawaru gifted it to you on level 2 of the Swamp)

   rN:        It protects you from negative energy.
   Will:      It increases your willpower.
 L - the +0 pair of gloves "Plog" (worn) {rC+ rCorr Int+4 Stlth-}
   (You found it in the Desolation of Salt)

   Int:       It affects your intelligence (+4).
   rC:        It protects you from cold.
   rCorr:     It protects you from acid and corrosion.
   Stlth:     It makes you less stealthy.
 O - +8 gold dragon scales (worn)
 V - the +0 hat of Generosity (worn) {Str+3 SInv}
   (You acquired it on level 4 of the Vaults)

   Str:       It affects your strength (+3).
   SInv:      It lets you see invisible.
 Z - a +0 cloak of preservation
Jewellery
 i - an amulet of guardian spirit
 j - the ring "Dyukh" {rPois Int+2 Slay+4}
   (You found it in a treasure trove)

   [ring of slaying]

   Int:       It affects your intelligence (+2).
   Slay:      It affects your accuracy & damage with ranged weapons and melee
   (+4).
   rPois:     It protects you from poison.
 k - the amulet "Hekk" (around neck) {Faith Will+++ Regen+ Str-2}
   (You found it in a treasure trove)

   [amulet of faith]

   It allows you to gain divine favour quickly.
   Str:       It affects your strength (-2).
   Regen:     It increases your rate of health regeneration.
   Will:      It greatly increases your willpower.
 o - the ring "Gaptes" (left hand) {*Corrode rElec rN+ Dex+3}
   (You took it off an ironbound preserver on level 5 of the Vaults)

   [ring of positive energy]

   Dex:       It affects your dexterity (+3).
   rElec:     It insulates you from electricity.
   rN:        It protects you from negative energy.
   *Corrode:  It may corrode you when you take damage.
 p - the ring "Attaudea" {rN+ Will+ Slay+4 Stlth+}
   (You found it in a treasure trove)

   [ring of slaying]

   Slay:      It affects your accuracy & damage with ranged weapons and melee
   (+4).
   rN:        It protects you from negative energy.
   Will:      It increases your willpower.
   Stlth:     It makes you more stealthy.
 q - a ring of fire
 s - a ring of protection from fire
 u - a ring of flight
 H - the ring "Ilerurph" (right hand) {rF+ rCorr Str+3 Slay+6}
   (You found it on level 3 of the Depths)

   [ring of resist corrosion]

   Str:       It affects your strength (+3).
   Slay:      It affects your accuracy & damage with ranged weapons and melee
   (+6).
   rF:        It protects you from fire.
   rCorr:     It protects you from acid and corrosion.
Wands
 v - a wand of digging (2)
 y - a wand of paralysis (5)
Scrolls
 e - 4 scrolls of noise
 f - 3 scrolls of amnesia
 l - 2 scrolls of blinking
 n - a scroll of enchant weapon
 r - a scroll of fog
 w - 12 scrolls of teleportation
 B - 9 scrolls of fear
 M - 3 scrolls of magic mapping
Potions
 h - 4 potions of haste
 m - 15 potions of curing
 t - 5 potions of resistance
 z - a potion of berserk rage
 C - 8 potions of mutation
 D - a potion of flight
 F - a potion of magic
 T - 4 potions of might


   Skills:
 O Level 27 Fighting
 + Level 1.3(16.7) Short Blades
 O Level 27 Long Blades
 + Level 1.5(2.1) Axes
 + Level 1.5(2.1) Maces & Flails
 + Level 1.2(1.9) Polearms
 + Level 1.2(1.9) Staves
 + Level 1.3(1.6) Slings
 + Level 1.1 Bows
 + Level 1.1 Crossbows
 + Level 1.0(1.3) Throwing
 O Level 27 Armour
 + Level 17.0 Dodging
 + Level 13.5 Stealth
 O Level 27 Shields
 + Level 1.2 Unarmed Combat
 + Level 0.7 Spellcasting
 + Level 0.6 Conjurations
 + Level 0.5 Hexes
 + Level 0.8 Summonings
 + Level 0.8 Necromancy
 + Level 0.6 Translocations
 + Level 0.7 Transmutations
 + Level 0.6 Fire Magic
 + Level 0.6 Ice Magic
 + Level 0.6 Air Magic
 + Level 0.7 Earth Magic
 + Level 0.6 Poison Magic
 + Level 10.2 Invocations
 + Level 6.7 Evocations


You had 27 spell levels left.
You didn't know any spells.
Your spell library contained the following spells:

 Spells                   Type           Power      Damage    Failure   Level
 Beastly Appendage        Tmut           2%         N/A       77%         1
 Pain                     Necr           4%         1d4       77%         1
 Sandblast                Erth           2%         2d4       77%         1
 Sting                    Tmut/Pois      4%         1d3       78%         1
 Apportation              Tloc           2%         N/A       80%         1
 Foxfire                  Conj/Fire      4%         2x1d4     80%         1
 Freeze                   Ice            4%         1d3       80%         1
 Magic Dart               Conj           4%         1d3       80%         1
 Slow                     Hex            4%         N/A       80%         1
 Corpse Rot               Necr/Air       2%         N/A       88%         2
 Passwall                 Tmut/Erth      0%         N/A       88%         2
 Wereblood                Tmut           1%         N/A       88%         2
 Poisonous Vapours        Pois/Air       2%         N/A       89%         2
 Static Discharge         Conj/Air       1%         N/A       89%         2
 Ensorcelled Hibernation  Hex/Ice        2%         N/A       90%         2
 Scorch                   Fire           2%         2d5       90%         2
 Ignite Poison            Fire/Tmut/Pois 1%         N/A       98%         3
 Mephitic Cloud           Conj/Pois/Air  1%         N/A       98%         3
 Spider Form              Tmut/Pois      1%         N/A       98%         3
 Swiftness                Air            1%         N/A       98%         3
 Vampiric Draining        Necr           1%         2d6       98%         3
 Confusing Touch          Hex            1%         N/A       99%         3
 Conjure Flame            Conj/Fire      1%         6-21      99%         3
 Frozen Ramparts          Ice            2%         1d2       99%         3
 Gell's Gravitas          Tloc           1%         N/A       99%         3
 Inner Flame              Hex/Fire       1%         N/A       99%         3
 Lesser Beckoning         Tloc           1%         N/A       99%         3
 Ozocubu's Armour         Ice            1%         N/A       99%         3
 Portal Projectile        Hex/Tloc       2%         N/A       99%         3
 Teleport Other           Tloc           1%         N/A       99%         3
 Airstrike                Air            0%         N/A       100%        4
 Anguish                  Hex/Necr       0%         N/A       100%        4
 Dispel Undead            Necr           1%         3d6       100%        4
 Flame Wave               Conj/Fire      1%         2d4       100%        4
 Hailstorm                Conj/Ice       1%         3d3       100%        4
 Ice Form                 Ice/Tmut       1%         N/A       100%        4
 Leda's Liquefaction      Hex/Erth       0%         N/A       100%        4
 Olgreb's Toxic Radiance  Pois           1%         N/A       100%        4
 Petrify                  Tmut/Erth      1%         N/A       100%        4
 Sticky Flame             Conj/Fire      1%         2d3       100%        4
 Alistair's Intoxication  Tmut/Pois      0%         N/A       100%        5
 Blade Hands              Tmut           0%         N/A       100%        5
 Borgnjor's Vile Clutch   Necr/Erth      0%         N/A       100%        5
 Excruciating Wounds      Necr           0%         N/A       100%        5
 Fireball                 Conj/Fire      0%         3d3       100%        5
 Freezing Cloud           Conj/Ice/Air   0%         6-21      100%        5
 Iskenderun's Battlesphe  Conj           1%         2d6       100%        5
 Lee's Rapid Deconstruct  Erth           0%         3d5*      100%        5
 Lightning Bolt           Conj/Air       0%         1d11      100%        5
 Manifold Assault         Tloc           1%         N/A       100%        5
 Metabolic Englaciation   Hex/Ice        0%         N/A       100%        5
 Conjure Ball Lightning   Conj/Air       0%         3x3d6     100%        6
 Dispersal                Tloc           0%         N/A       100%        6
 Eringya's Noxious Bog    Tmut/Pois      0%         N/A       100%        6
 Iron Shot                Conj/Erth      0%         9d1       100%        6
 Starburst                Conj/Fire      0%         6d3       100%        6
 Statue Form              Tmut/Erth      0%         N/A       100%        6
 Ozocubu's Refrigeration  Ice            0%         4d5       100%        7
 Storm Form               Tmut/Air       0%         N/A       100%        7
 Borgnjor's Revivificati  Necr           0%         N/A       100%        8
 Disjunction              Tloc           0%         N/A       100%        8
 Ignition                 Fire           0%         3d3       100%        8
 Necromutation            Tmut/Necr      0%         N/A       100%        8
 Polar Vortex             Ice            0%         N/A       100%        9
 Animate Skeleton         Necr           Unusable   N/A       N/A         1
 Summon Small Mammal      Summ           Unusable   N/A       N/A         1
 Call Imp                 Summ           Unusable   N/A       N/A         2
 Animate Armour           Summ/Erth      Unusable   N/A       N/A         4
 Summon Ice Beast         Ice/Summ       Unusable   N/A       N/A         4
 Summon Lightning Spire   Summ/Air       Unusable   N/A       N/A         4
 Death Channel            Necr           Unusable   N/A       N/A         6
 Simulacrum               Ice/Necr       Unusable   N/A       N/A         6
 Summon Cactus Giant      Summ           Unusable   N/A       N/A         6
 Haunt                    Necr/Summ      Unusable   N/A       N/A         7
 Spellforged Servitor     Conj/Summ      Unusable   N/A       N/A         7
 Infestation              Necr           Unusable   N/A       N/A         8

Dungeon Overview and Level Annotations

Branches:
Dungeon (15/15)            Temple (1/1) D:4            Lair (6/6) D:11
  Swamp (4/4) Lair:2        Snake (4/4) Lair:2        Slime (5/5) Lair:6
    Orc (2/2) D:9             Elf (3/3) Orc:2        Vaults (5/5) D:13
  Crypt (3/3) Vaults:2       Tomb (0/3) Crypt:3      Depths (4/4) D:15
    Zot (4/5) Depths:4     Bailey (visited)           IceCv (visited)
Desolation (visited)      Gauntlet (visited)

Altars:
Ashenzari
Cheibriados
Dithmenos
Elyvilon
Fedhas
Gozag
Hepliaklqana
Kikubaaqudgha
Makhleb
Nemelex Xobeh
Okawaru
Qazlal
Ru
Sif Muna
Trog
Uskayaw
Vehumet
Wu Jian
Xom
Yredelemnul
Zin
The Shining One
Jiyva
Lugonu

Shops:
D:8 !   D:14 *   Orc:2 (=*!   Elf:1 (   Elf:2 [   Elf:3 =   Snake:4 *?[
Depths:4 :[

Portals:
Hell: Depths:1 Depths:2 Depths:3 Depths:4
Abyss: Lair:6 Depths:2 Depths:3
Pandemonium: Orc:2 Depths:2
Ziggurat: Depths:1

Annotations:
D:14 Casa
Swamp:1 exclusion: 2 lightning spires
Swamp:2 3 runed translucent doors, Piask's ghost, adept FoAK
Elf:2 3 runed translucent doors


Innate Abilities, Weirdness & Mutations

You have a pair of horns on your head.
You reflexively headbutt those who attack you in melee.
You tend to lose your temper in combat.
Your flesh is cold resistant. (rC+)
You are frail. (-10% HP)
Your magical capacity is low. (-10% MP)
You are strong-willed. (Will+)
You are weak. (Str -2)


Message History

You feel sick.
You feel sick.
You feel sick.
You are no longer poisoned.
The death drake breathes miasma at you. The death drake breathes miasma at you.
The death drake breathes miasma at you. The foul vapour misses you.
The orb of fire glows bright magenta.
The fireball explodes!
The fireball engulfs you!! You resist.
* * * LOW HITPOINT WARNING * * *
Unknown command.
You are engulfed in dark miasma.
You are poisoned.
* * * LOW HITPOINT WARNING * * *
You feel extremely sick.
The orb of fire glows yellow.
The bolt of fire misses you.
You feel yourself speed up.
You feel extremely sick. The wind drake flaps its wings at you.
The air twists around and strikes you. The death drake breathes miasma at you.
The foul vapour misses you.
You feel better.
You are engulfed in dark miasma.
* * * LOW HITPOINT WARNING * * *
The orb of fire glows red.
The fireball explodes!
The fireball engulfs you! You resist.
* * * LOW HITPOINT WARNING * * *
Okay, then.
Blink to where?
Press: ? - help, Dir - move target
As you read the scroll of blinking, it crumbles to dust.
The orb of fire glows yellow.
The fireball explodes!
The fireball engulfs you! You resist.
* * * LOW HITPOINT WARNING * * *
There is a stone staircase leading up here.
The orb of fire glows bright magenta.
The bolt of fire hits you! You resist.
You die...

#.................°°.*.°.....
#..######..######..°.°.....(.
#..# #*.# #°.°......^.. #..#
#..# ##..........# #..# #..#
##........## #..# #..##
##......## #..# #...##
######## #..# ##...## #..#
##.@.## #..## ##...## #...##
##...## # ##...## ##...####
#### ##...## ##........? #...
##...## ##...#...... #...
##...###...#####..# ####
##...#...## .# ##.....## #


You could see an orb of fire.

Vanquished Creatures
  the Royal Jelly (Slime:5)
  A dread lich (Crypt:3)
  4 orbs of fire
  3 ancient liches
  Mara (Snake:3)
  Frederick (Crypt:3)
  A curse toe (Zot:3)
  Bai Suzhen (Vaults:4)
  2 caustic shrikes (Depths:4)
  4 golden dragons
  3 bone dragons
  3 electric golems
  Jorgrun (D:13)
  Rupert (Lair:6)
  Mlioglotl (Snake:1)
  20 tentacled monstrosities
  5 liches
  A shard shrike skeleton (Crypt:3)
  A walking divine tome (Depths:2)
  12 acid blobs
  7 titans
  2 deep elf master archers (Elf:3)
  5 death cobs
  4 quicksilver dragons
  2 deep elf blademasters (Elf:3)
  Agnes (Snake:3)
  Frances (Snake:2)
  12 ancient champions
  Donald (Orc:2)
  4 tengu reavers (Vaults:5)
  8 sphinxes
  7 shadow dragons
  The ghost of kthxbai the Frost Mage, an adept GrEE of Gozag (Swamp:3)
  13 storm dragons
  Roxanne (Snake:1)
  2 revenants
  3 draconian monks
  11 rockslimes
  6 nagarajas (Snake:4)
  16 azure jellies
  2 draconian knights
  7 draconian scorchers
  3 iron dragons
  7 frost giants
  3 imperial myrmidons (Desolation)
  A deep elf sorcerer (Elf:3)
  4 orc warlords
  6 fire giants
  Louise (Snake:3)
  20 vault wardens
  2 ghost moths (Zot:4)
  A balrug (Depths:2)
  2 curse skulls
  The ghost of Tebe the Fighter, a journeyman DsGl of Hepliaklqana (Snake:3)
  2 draconian stormcallers
  21 ironbound preservers
  A cacodemon (Gauntlet)
  3 draconian shifters
  8 draconian annihilators
  2 angels (Vaults:3)
  11 quicksilver oozes
  6 deep elf elementalists (Elf:3)
  2 spriggan defenders (Depths:4)
  17 stone giants
  4 war gargoyles
  13 ghouls
  39 very ugly things
  2 ironbound thunderhulks
  2 juggernaut skeletons
  8 caustic shrike skeletons
  7 eleionomae
  7 green draconians
  6 vampire knights
  10 black draconians
  7 deep elf demonologists
  8 yellow draconians
  10 deep elf annihilators
  5 red draconians
  5 bunyips
  2 entropy weavers
  9 white draconians
  An eleionoma (shapeshifter) (Vaults:5)
  11 dire elephants (Vaults:1)
  4 spark wasps (Depths:3)
  7 purple draconians
  4 eidola
  2 halazid warlocks (Desolation)
  A minotaur (Gauntlet)
  A blizzard demon (Depths:3)
  2 crystal guardians
  13 deep elf death magi
  16 ettins
  8 jiangshi
  A quicksilver dragon zombie (Crypt:1)
  7 fire dragons
  2 merfolk javelineers (Depths:3)
  An ettin (shapeshifter) (Depths:2)
  5 deep elf high priests
  A quicksilver dragon skeleton (Crypt:1)
  5 ragged hierophants (Desolation)
  18 great orbs of eyes
  A spriggan skeleton (Crypt:3)
  13 yaktaur captains
  36 vault guards
  Erolcha (Orc:2)
  A boulder beetle (Lair:6)
  12 servants of whispers (Desolation)
  Harold (D:7)
  2 ice dragons
  11 anacondas
  A fenstrider witch zombie (Crypt:1)
  3 rakshasas
  9 peacekeepers
  11 hydras
  6 ogre magi
  2 spriggan air magi
  4 ironbound frosthearts
  A caustic shrike simulacrum (IceCv)
  An anaconda (shapeshifter) (Vaults:5)
  15 naga warriors
  8 ghost crabs
  2 demonspawn (Orc:2)
  3 catoblepae
  3 salamander tyrants
  4 death knights
  A fenstrider witch skeleton (Crypt:3)
  Erica (D:8)
  7 alligators
  10 centaur warriors
  10 two-headed ogres
  5 death yaks
  21 dancing weapons
  5 deep troll earth magi
  5 deep troll shamans
  A titan zombie (Vaults:5)
  3 spriggan berserkers
  3 orc high priests (Orc:2)
  9 tengu warriors
  6 vampire magi
  Sonja (Lair:6)
  6 hell knights
  25 naga sharpshooters
  8 deep elf knights
  4 thrashing horrors (Lair:6)
  A sun demon (Orc:2)
  8 shock serpents
  3 sixfirhies
  3 soul eaters
  4 titan skeletons
  5 salamander mystics
  5 iron trolls
  8 shadow wraiths
  3 spriggan druids
  3 sea snakes (Snake:4)
  3 goliath frogs (Swamp:1)
  47 skeletal warriors
  A large abomination (Abyss:3)
  A storm dragon skeleton (Crypt:3)
  70 deep trolls
  11 bog bodies
  6 flayed ghosts
  A glowing orange brain (shapeshifter) (Vaults:2)
  6 glowing orange brains
  10 naga ritualists
  A death drake (Depths:2)
  8 deep elf archers
  10 orc knights
  4 spectral hydras (Swamp:4)
  12 lindwurms
  17 wizards
  A sphinx zombie (Crypt:1)
  21 phantasmal warriors
  20 ironbound convokers
  7 spriggan simulacra
  6 swamp dragons
  8 necromancers
  2 anaconda skeletons (Crypt:3)
  An obsidian statue (IceCv)
  A golden dragon skeleton (Crypt:3)
  An iron giant skeleton (Crypt:3)
  5 harpies (Vaults:3)
  24 deep elf zephyrmancers
  21 deep elf pyromancers
  A goliath frog skeleton (Crypt:3)
  2 shadow dragon skeletons
  7 mana vipers
  3 worldbinders
  6 cyclopes
  13 orc sorcerers
  4 shining eyes
  A stone giant zombie (Crypt:1)
  A shining eye (shapeshifter) (Elf:3)
  4 manticores
  60 ugly things
  6 will-o-the-wisps
  17 elephants
  11 guardian serpents
  Maurice (D:8)
  15 salamanders
  A titan simulacrum (Crypt:1)
  17 moths of wrath
  A dire elephant zombie (Crypt:1)
  A smoke demon (Depths:2)
  A rust devil (Orc:2)
  2 water nymphs (Swamp:3)
  An apocalypse crab (Abyss:3)
  Joseph (D:8)
  A draconian skeleton (Crypt:3)
  14 vault sentinels
  Maggie (D:8)
  4 eyes of devastation
  An orange demon (Depths:2)
  12 naga magi
  4 ice statues
  27 black mambas
  A torpor snail (Lair:3)
  A dire elephant skeleton (Crypt:3)
  A storm dragon simulacrum (Depths:2)
  2 komodo dragons (shapeshifter)
  A centaur skeleton (Crypt:3)
  21 cane toads
  35 yaktaurs
  8 freezing wraiths
  4 swamp worm zombies
  An efreet (Abyss:3)
  Psyche (D:10)
  2 anaconda simulacra (IceCv)
  4 rime drakes
  2 tengu conjurers
  6 komodo dragons
  A sea snake zombie (Crypt:2)
  2 hydra zombies (Swamp:4)
  3 ancient zymes
  A hellwing (Depths:2)
  7 entropy weaver simulacra (IceCv)
  8 ice devils
  4 guardian mummies (Crypt:3)
  2 red devils
  A grey draconian skeleton (Crypt:1)
  A death yak skeleton (Crypt:1)
  A meliai (shapeshifter) (D:13)
  6 trolls
  19 hornets
  A queen bee (shapeshifter) (Vaults:4)
  10 tyrant leeches
  An iron troll skeleton (Crypt:3)
  2 bloated husks
  2 polar bears
  3 spectral swamp dragons (Swamp:4)
  56 saltlings (Desolation)
  A tarantella zombie (Crypt:1)
  2 tarantellas (Depths:2)
  19 blink frogs
  69 slime creatures
  4 alligator zombies (Swamp:4)
  5 raiju
  A frost giant simulacrum (Vaults:5)
  3 flying skulls (Crypt:1)
  A centaur simulacrum (D:15)
  2 vampires
  A culicivora (shapeshifter) (Elf:2)
  A spriggan (shapeshifter) (Vaults:5)
  19 spriggans
  2 shadows
  A black mamba zombie (Crypt:3)
  16 water elementals
  10 wraiths
  4 dire elephant simulacra (IceCv)
  5 wyverns
  2 black mamba skeletons
  5 ynoxinuls
  5 fire elementals
  2 ettin skeletons (Crypt:3)
  Eustachio (D:6)
  7 fire bats (Depths:3)
  8 golden eyes
  61 yaks
  6 redbacks
  Menkaure (D:7)
  13 basilisks
  5 chaos spawn
  4 minotaur simulacra (IceCv)
  7 vampire mosquitoes
  5 neqoxecs
  A redback (shapeshifter) (Vaults:5)
  3 harpy simulacra (Depths:2)
  Edmund (D:6)
  5 wargs
  56 nagas
  3 acid dragons
  20 swamp worms
  A human zombie (Vaults:5)
  2 hydra simulacra (IceCv)
  23 water moccasins
  A floating eye (Depths:2)
  A two-headed ogre skeleton (Crypt:1)
  A merfolk skeleton (Crypt:3)
  An ice beast (shapeshifter) (Abyss:3)
  A naga skeleton (Crypt:1)
  14 small abominations
  3 swamp drakes
  51 orc warriors
  The ghost of joakim the Slasher, an amateur MiBe of Trog (D:3)
  An ice beast (D:6)
  3 alligator simulacra (IceCv)
  2 ettin simulacra (IceCv)
  4 black bears
  4 boggarts
  5 swamp dragon zombies (Swamp:4)
  A merfolk simulacrum (Crypt:1)
  4 necrophages
  10 ogres
  A centaur (shapeshifter) (Elf:3)
  19 centaurs
  17 wolves
  A lindwurm skeleton (Crypt:3)
  10 phantoms
  A rime drake zombie (Crypt:3)
  3 scorpions
  A glowing shapeshifter simulacrum (Vaults:5)
  8 bullfrogs
  3 earth elementals
  8 deep troll simulacra (IceCv)
  A salamander skeleton (Crypt:1)
  A wyvern skeleton (D:5)
  3 elephant simulacra (Depths:2)
  A troll zombie (Crypt:1)
  A water moccasin skeleton (D:6)
  24 wights
  A lindwurm simulacrum (IceCv)
  A troll skeleton (Crypt:1)
  3 electric eels
  4 howler monkeys
  A lava snake (D:7)
  2 centaur zombies
  6 jellies
  26 orc priests
  A gnoll shaman (D:9)
  3 hounds
  3 iguanas
  23 orc wizards
  5 lightning spires (Zot:1)
  4 hell rats (Lair:4)
  A troll simulacrum (Depths:2)
  2 killer bee zombies (D:5)
  An acid dragon zombie (Crypt:3)
  A demigod skeleton (Crypt:3)
  An ogre skeleton (Crypt:2)
  2 howler monkey zombies
  8 gnolls
  2 howler monkey skeletons (D:5)
  A naga simulacrum (Depths:2)
  8 adders
  A swamp drake zombie (Swamp:4)
  A shadow imp (D:5)
  A white imp (D:7)
  An ufetubus (D:5)
  An adder zombie (D:5)
  A halfling zombie (Crypt:2)
  An iguana skeleton (Crypt:2)
  4 worms
  4 dart slugs
  83 orcs
  7 endoplasms
  5 giant cockroaches
  A gnoll zombie (Crypt:1)
  6 goblins
  8 hobgoblins
  2 jackals (D:2)
  5 kobolds
  2 quokkas
  13 ball pythons
  3 bats
  5 frilled lizards
  2 goblin skeletons
  A goblin zombie (D:5)
  A hobgoblin zombie (D:5)
  2 kobold skeletons (D:5)
  2 orc skeletons (D:5)
  2 orc zombies (D:5)
  A quokka skeleton (D:4)
  4 rats
  A rat skeleton (Crypt:2)
2579 creatures vanquished.

Vanquished Creatures (others)
  A ghost moth (Zot:1)
  A draconian shifter (Zot:1)
  Aizul (Snake:1)
  An eleionoma (Swamp:3)
  3 black draconians (Zot:1)
  A purple draconian (Zot:1)
  A goliath frog (Swamp:3)
  2 sixfirhies (Zot:1)
  A deep elf knight (Elf:1)
  A bog body (Swamp:3)
  A spriggan druid (Swamp:3)
  A phantasmal warrior (Depths:4)
  A deep elf pyromancer (Elf:3)
  A deep elf zephyrmancer (Elf:1)
  A naga mage (Depths:2)
  A tyrant leech (Swamp:3)
  9 bloated husks
  A hornet (Swamp:4)
  A spriggan (Swamp:3)
  A neqoxec (Depths:2)
  A swamp worm (Swamp:1)
  2 swamp drakes (Swamp:1)
  A boggart (Vaults:1)
  An orc (Orc:2)
  7 ball lightnings
  37 foxfires
  28 fungi
  85 plants
  2 starspawn tentacles (Snake:1)
195 creatures vanquished.

Grand Total: 2774 creatures vanquished

Notes
Turn   | Place    | Note
-------+----------+-------------------------------------------
     0 | D:1      | Peloso the Minotaur Fighter began the quest for the Orb.
     0 | D:1      | Reached XP level 1. HP: 19/19 MP: 0/0
   170 | D:1      | Reached XP level 2. HP: 27/27 MP: 1/1
   622 | D:2      | Found a faded altar of an unknown god.
   709 | D:2      | Reached XP level 3. HP: 33/33 MP: 2/2
   783 | D:2      | Noticed a phantom
   790 | D:2      | Killed a phantom
   791 | D:2      | Reached XP level 4. HP: 37/41 MP: 3/3
  1459 | D:2      | Reached XP level 5. HP: 47/47 MP: 4/4
  1869 | D:3      | Found a runed translucent gate.
  1869 | D:3      | Found a runed translucent gate.
  1870 | D:3      | Found a runed translucent gate.
  1872 | D:3      | Noticed joakim's ghost (amateur MiBe)
  2316 | D:3      | Reached skill level 5 in Fighting
  2520 | D:3      | Noticed an ogre
  2561 | D:4      | Found a staircase to the Ecumenical Temple.
  2593 | Temple   | Entered the Ecumenical Temple
  2622 | Temple   | Became a worshipper of Warmaster Okawaru
  2691 | D:4      | Noticed a phantom
  2703 | D:4      | Killed a phantom
  2704 | D:4      | Reached skill level 5 in Long Blades
  2704 | D:4      | Reached skill level 1 in Dodging
  2704 | D:4      | Reached XP level 6. HP: 50/56 MP: 5/5
  2858 | D:4      | Found an opulent altar of Gozag.
  2886 | D:4      | Reached skill level 5 in Armour
  3050 | D:5      | Entered Level 5 of the Dungeon
  3178 | D:5      | Found a sparkling altar of Nemelex Xobeh.
  3305 | D:5      | Reached * piety under Okawaru
  3307 | D:5      | Reached XP level 7. HP: 61/61 MP: 6/6
  3334 | D:5      | Found a glowing golden altar of the Shining One.
  3492 | D:5      | Reached skill level 1 in Stealth
  3500 | D:5      | Found a stormy altar of Qazlal.
  3501 | D:5      | Found a basalt altar of Yredelemnul.
  3535 | D:5      | Found a shimmering blue altar of Sif Muna.
  4275 | D:6      | Noticed Eustachio
  4300 | D:6      | Killed Eustachio
  4300 | D:6      | Reached ** piety under Okawaru
  4301 | D:6      | Reached XP level 8. HP: 66/70 MP: 7/7
  4339 | D:6      | Reached skill level 5 in Shields
  4706 | D:6      | Noticed Edmund
  4721 | D:6      | Killed Edmund
  5023 | D:6      | Found a blossoming altar of Fedhas.
  5119 | D:6      | Found a radiant altar of Vehumet.
  5736 | D:7      | Noticed Harold
  5753 | D:7      | Killed Harold
  5753 | D:7      | Reached *** piety under Okawaru
  5754 | D:7      | Reached XP level 9. HP: 67/79 MP: 5/8
  5839 | D:7      | Reached skill level 10 in Long Blades
  6396 | D:7      | Noticed Menkaure
  6400 | D:7      | Killed Menkaure
  6662 | D:7      | Reached **** piety under Okawaru
  6914 | D:8      | Noticed Joseph
  7033 | D:8      | Killed Joseph
  7105 | D:8      | Noticed Maurice
  7110 | D:8      | Killed Maurice
  7111 | D:8      | Reached XP level 10. HP: 69/88 MP: 9/9
  7125 | D:8      | Noticed Maggie
  7143 | D:8      | Killed Maggie
  7143 | D:8      | Received a gift from Okawaru
  7474 | D:8      | Found Hotigejuer's Distillery.
  7623 | D:8      | Found a shimmering altar of Xom.
  7641 | D:8      | Found a sacrificial altar of Ru.
  7700 | D:8      | Noticed Erica
  7709 | D:8      | Killed Erica
  7710 | D:8      | Reached skill level 1 in Evocations
  8637 | D:3      | Killed joakim's ghost
  8756 | D:9      | Reached ***** piety under Okawaru
  8757 | D:9      | Reached skill level 10 in Armour
  8891 | D:9      | Found a flagged portal.
  8896 | D:9      | Received a gift from Okawaru
  8922 | Bailey   | Entered a bailey
  9732 | Bailey   | Received a gift from Okawaru
  9733 | Bailey   | Reached XP level 11. HP: 83/97 MP: 10/10
  9803 | Bailey   | Noticed an orc knight
  9825 | Bailey   | Killed an orc knight
 10335 | D:9      | Noticed a two-headed ogre
 10343 | D:9      | Killed a two-headed ogre
 10343 | D:9      | Identified the +9 scale mail of Jeamauk {rElec rPois}
                  | (Okawaru gifted it to you on level 9 of the Dungeon)
 10343 | D:9      | Received a gift from Okawaru
 10368 | D:9      | Found a staircase to the Orcish Mines.
 10576 | D:10     | Entered Level 10 of the Dungeon
 10576 | D:10     | Noticed Psyche
 10690 | D:10     | Killed Psyche
 10734 | D:9      | Reached skill level 10 in Fighting
 11554 | D:11     | Noticed a two-headed ogre
 11559 | D:11     | Killed a two-headed ogre
 11983 | D:11     | Noticed a four-headed hydra
 11990 | D:11     | Killed a one-headed hydra
 12077 | D:11     | Found a staircase to the Lair.
 12306 | Lair:1   | Entered Level 1 of the Lair of Beasts
 12350 | Lair:1   | Noticed a seven-headed hydra
 12357 | Lair:1   | Killed a four-headed hydra
 12475 | Lair:1   | Reached XP level 12. HP: 112/112 MP: 11/11
 12543 | Lair:1   | Received a gift from Okawaru
 12586 | Lair:1   | Reached ****** piety under Okawaru
 13384 | Lair:2   | Reached skill level 10 in Shields
 13414 | Lair:2   | Found a gate leading to a gauntlet.
 13440 | Gauntlet | Entered a Gauntlet
 13440 | Gauntlet | Found a runed translucent gate.
 13440 | Gauntlet | Found a transporter.
 13440 | Gauntlet | Found a transporter.
 13442 | Gauntlet | Found a transporter.
 13443 | Gauntlet | Found a runed translucent gate.
 13443 | Gauntlet | Found a transporter.
 13444 | Gauntlet | Found a transporter.
 13444 | Gauntlet | Found a runed translucent gate.
 13446 | Gauntlet | Found a transporter.
 13457 | Gauntlet | Found a transporter.
 13459 | Gauntlet | Found a transporter.
 13460 | Gauntlet | Found a transporter.
 13462 | Gauntlet | Found a transporter.
 13479 | Gauntlet | Noticed a cacodemon
 13481 | Gauntlet | Found a transporter.
 13483 | Gauntlet | Found a transporter.
 13790 | Gauntlet | Killed a cacodemon
 13791 | Gauntlet | Reached skill level 15 in Long Blades
 13806 | Gauntlet | Identified the +1 pair of boots of a treasure trove {rElec}
 13890 | Gauntlet | Noticed a minotaur
 13897 | Gauntlet | Killed a minotaur
 13898 | Gauntlet | Reached skill level 5 in Dodging
 13898 | Gauntlet | Reached skill level 1 in Invocations
 13907 | Gauntlet | Identified the amulet "Renit" {Reflect Int+3 SH+5}
 13975 | Lair:2   | Identified the +0 hat of Okawaru's Reproof {Harm rElec
                  | Dex-4} (Okawaru gifted it to you on level 2 of the Lair of
                  | Beasts)
 13975 | Lair:2   | Received a gift from Okawaru
 14517 | Lair:2   | Found a staircase to the Snake Pit.
 14775 | Lair:2   | Reached XP level 13. HP: 124/124 MP: 12/12
 14856 | Lair:2   | Found a staircase to the Swamp.
 15882 | Lair:3   | Reached skill level 15 in Fighting
 16214 | Lair:3   | You fall into a shaft and drop 1 floor!
 16326 | Lair:4   | Received a gift from Okawaru
 16500 | Lair:4   | Identified the +7 morningstar of Amorality {antimagic,
                  | Fragile rC+ Str+8}
 17257 | Orc:1    | Entered Level 1 of the Orcish Mines
 18308 | Orc:2    | Entered Level 2 of the Orcish Mines
 18313 | Orc:2    | Noticed Erolcha
 18324 | Orc:2    | Killed Erolcha
 18325 | Orc:2    | Noticed an ettin
 18330 | Orc:2    | Identified the +0 kite shield "Nenumaip" {Rampage rElec
                  | MP+9 Dex-5} (Okawaru gifted it to you on level 2 of the
                  | Orcish Mines)
 18330 | Orc:2    | Received a gift from Okawaru
 18336 | Orc:2    | Killed an ettin
 18357 | Orc:2    | Found a staircase to the Elven Halls.
 18388 | Orc:2    | Reached skill level 15 in Armour
 18388 | Orc:2    | Reached XP level 14. HP: 89/138 MP: 13/13
 18462 | Orc:2    | Noticed an orc warlord
 18808 | Orc:1    | Killed an orc warlord
 19198 | Orc:2    | Found Xoddierr's Distillery.
 19199 | Orc:2    | Found Sohaenal's General Store.
 19562 | Orc:2    | Noticed Donald
 19582 | Orc:2    | Killed Donald
 19883 | Orc:2    | Noticed an orc warlord
 19931 | Orc:2    | Killed an orc warlord
 20828 | Orc:2    | Paralysed by an orc sorcerer for 5 turns
 21167 | Orc:2    | Received a gift from Okawaru
 21171 | Orc:2    | Paralysed by an orc sorcerer for 4 turns
 21444 | Orc:2    | Reached skill level 15 in Shields
 21598 | Orc:2    | Found Uweer Mei's Jewellery Shoppe.
 21598 | Orc:2    | Found Lecov's Antique Weapon Emporium.
 21599 | Orc:2    | Found a one-way gate leading to the halls of Pandemonium.
 22224 | D:13     | Noticed Jorgrun
 22244 | D:13     | Killed Jorgrun
 22892 | D:13     | Cast into level 2 of the Abyss (a wizard)
 22917 | Abyss:2  | Noticed an ancient lich
 22938 | Abyss:2  | Killed an ancient lich
 22949 | Abyss:2  | Reached skill level 1 in Axes
 22949 | Abyss:2  | Reached skill level 1 in Slings
 22949 | Abyss:2  | Reached XP level 15. HP: 26/149 MP: 15/15
 22950 | Abyss:2  | Reached skill level 1 in Short Blades
 22950 | Abyss:2  | Reached skill level 1 in Maces & Flails
 22950 | Abyss:2  | Reached skill level 1 in Polearms
 22950 | Abyss:2  | Reached skill level 1 in Staves
 22950 | Abyss:2  | Reached skill level 1 in Bows
 22950 | Abyss:2  | Reached skill level 1 in Crossbows
 22950 | Abyss:2  | Reached skill level 1 in Throwing
 22950 | Abyss:2  | Reached skill level 1 in Unarmed Combat
 22950 | Abyss:2  | Reached XP level 16. HP: 28/157 MP: 16/16
 23315 | Abyss:3  | Gained mutation: You are frail. (-10% HP) [a neqoxec]
 23324 | Abyss:3  | Gained mutation: You tend to lose your temper in combat. [a
                  | neqoxec]
 23372 | Abyss:3  | Gained mutation: You often lose your temper in combat. [a
                  | neqoxec]
 23478 | D:13     | Escaped the Abyss
 23492 | D:13     | Lost mutation: You are frail. (-10% HP) [potion of
                  | mutation]
 23492 | D:13     | Lost mutation: You often lose your temper in combat.
                  | [potion of mutation]
 23492 | D:13     | Gained mutation: Your body sometimes deteriorates upon
                  | taking damage. [potion of mutation]
 23492 | D:13     | Gained mutation: Armour fits poorly on your strangely
                  | shaped body. [potion of mutation]
 23492 | D:13     | Gained mutation: Your mind is acute. (Int +2) [potion of
                  | mutation]
 23494 | D:13     | Lost mutation: Armour fits poorly on your strangely shaped
                  | body. [potion of mutation]
 23494 | D:13     | Lost mutation: You tend to lose your temper in combat.
                  | [potion of mutation]
 23494 | D:13     | Gained mutation: You are strong-willed. (Will+) [potion of
                  | mutation]
 23495 | D:13     | Lost mutation: Your mind is acute. (Int +2) [potion of
                  | mutation]
 23495 | D:13     | Lost mutation: You are strong-willed. (Will+) [potion of
                  | mutation]
 23495 | D:13     | Lost mutation: Your body sometimes deteriorates upon taking
                  | damage. [potion of mutation]
 23495 | D:13     | Gained mutation: You are partially covered in iridescent
                  | scales. (AC +2) [potion of mutation]
 23495 | D:13     | Gained mutation: Your mind is acute. (Int +2) [potion of
                  | mutation]
 23495 | D:13     | Gained mutation: You are clumsy. (Dex -2) [potion of
                  | mutation]
 23496 | D:13     | Lost mutation: You are clumsy. (Dex -2) [potion of
                  | mutation]
 23496 | D:13     | Lost mutation: Your mind is acute. (Int +2) [potion of
                  | mutation]
 23496 | D:13     | Gained mutation: You are strong-willed. (Will+) [potion of
                  | mutation]
 23496 | D:13     | Lost mutation: You are strong-willed. (Will+) [potion of
                  | mutation]
 23496 | D:13     | Gained mutation: You are strong-willed. (Will+) [potion of
                  | mutation]
 23809 | D:13     | Found a gate to the Vaults.
 24466 | Lair:4   | Reached XP level 17. HP: 143/163 MP: 17/17
 24886 | Lair:4   | Identified the +8 trident of Honour {elec, Str+4} (Okawaru
                  | gifted it to you on level 4 of the Lair of Beasts)
 24886 | Lair:4   | Received a gift from Okawaru
 25311 | Lair:5   | Identified the +6 chain mail "Dailes" {Will- Regen+ Dex-3
                  | Stlth+}
 26136 | Lair:6   | Entered Level 6 of the Lair of Beasts
 26307 | Lair:6   | Found a staircase to the Slime Pits.
 26498 | Lair:6   | Noticed Sonja
 26506 | Lair:6   | Killed Sonja
 26806 | Lair:6   | Noticed Rupert
 27066 | Lair:6   | Paralysed by Rupert for 5 turns
 27084 | Lair:6   | Killed Rupert
 27584 | Lair:6   | Found a corrupted altar of Lugonu.
 27584 | Lair:6   | Found a one-way gate to the infinite horrors of the Abyss.
 27589 | Lair:6   | Identified the +1 ring mail of Hedge Wizardry {Harm Rampage
                  | Will+} (Okawaru gifted it to you on level 6 of the Lair of
                  | Beasts)
 27589 | Lair:6   | Received a gift from Okawaru
 28246 | D:14     | Identified a scroll of acquirement
 28261 | D:14     | Found a frozen archway.
 28370 | IceCv    | Entered an ice cave
 29226 | IceCv    | Noticed an Ice Fiend
 29596 | IceCv    | Identified the +1 scimitar "Apnasoo" {venom, rF+ rC+ rN+}
 29849 | IceCv    | Identified the +0 pair of gloves "Jecvaugh" {Int+6}
 29947 | D:14     | Identified the +5 long sword "Bugam" {pain, Will+ Str+6}
 30000 | D:14     | Found a shadowy altar of Dithmenos.
 30051 | D:14     | Reached skill level 10 in Dodging
 30086 | D:14     | Found Qojasoc's Assorted Antiques.
 30346 | D:14     | Found the +9 sword of Zonguldrok {reap}
 30471 | D:14     | You fall into a shaft and drop 1 floor!
 30471 | D:15     | Entered Level 15 of the Dungeon
 30475 | D:15     | Found a stormy altar of Qazlal.
 30583 | D:15     | Found a staircase to the Depths.
 30600 | D:15     | Identified the +7 chain mail "Tet Nymeo" {rElec rC+}
                  | (Okawaru gifted it to you on level 15 of the Dungeon)
 30600 | D:15     | Received a gift from Okawaru
 31281 | D:15     | Reached XP level 18. HP: 163/176 MP: 19/19
 32793 | Elf:1    | Entered Level 1 of the Elven Halls
 32833 | Elf:1    | Found a portal to a secret trove of treasure.
 33197 | Elf:1    | Found Vanemn's Weapon Boutique.
 33706 | Elf:2    | Found Jeariari's Antique Armour Boutique.
 34331 | Elf:2    | Found a runed translucent gate.
 34332 | Elf:2    | Found a runed translucent gate.
 34332 | Elf:2    | Found a runed translucent gate.
 34908 | Swamp:1  | Entered Level 1 of the Swamp
 34980 | Swamp:1  | Identified the +6 trident of Virtue {vorpal, rPois Str+4}
                  | (Okawaru gifted it to you on level 1 of the Swamp)
 34980 | Swamp:1  | Received a gift from Okawaru
 36250 | Snake:1  | Entered Level 1 of the Snake Pit
 36266 | Snake:1  | Noticed Aizul
 36281 | Snake:1  | Killed Aizul
 36521 | Snake:1  | Identified Roxanne's Tome of Transmutation
 36521 | Snake:1  | Noticed Roxanne
 36546 | Snake:1  | Killed Roxanne
 36697 | Snake:1  | Identified the +7 spear of a Hundred Continents {vorpal,
                  | rC+} (Okawaru gifted it to you on level 1 of the Snake Pit)
 36697 | Snake:1  | Received a gift from Okawaru
 36823 | Snake:1  | Noticed Mlioglotl
 36842 | Snake:1  | Killed Mlioglotl
 37590 | Snake:2  | Reached XP level 19. HP: 185/185 MP: 20/20
 37736 | Snake:2  | Noticed Frances
 37750 | Snake:2  | Killed Frances
 38715 | Swamp:2  | Identified the -1 pair of boots "Eluadgh" {rN+ Will+}
                  | (Okawaru gifted it to you on level 2 of the Swamp)
 38715 | Swamp:2  | Received a gift from Okawaru
 38990 | Swamp:2  | Found a runed translucent gate.
 38990 | Swamp:2  | Found a runed translucent gate.
 38990 | Swamp:2  | Found a runed translucent gate.
 38991 | Swamp:2  | Noticed Piask's ghost (adept FoAK)
 39395 | Swamp:3  | Noticed kthxbai's ghost (adept GrEE)
 39395 | Swamp:3  | Found a runed translucent gate.
 39395 | Swamp:3  | Found a runed translucent gate.
 39395 | Swamp:3  | Found a runed translucent gate.
 39759 | Swamp:3  | Killed kthxbai's ghost
 40757 | Snake:3  | Noticed Agnes
 40767 | Snake:3  | Killed Agnes
 40858 | Snake:3  | Noticed Mara
 40860 | Snake:3  | Noticed Peloso's illusion
 41179 | Elf:3    | Entered Level 3 of the Elven Halls
 41179 | Elf:3    | Found Lages's Jewellery Emporium.
 41544 | Elf:3    | Identified the ring of Ygausiov {Drain rPois MP+9 AC+4
                  | Stlth+}
 41633 | Elf:3    | Received a gift from Okawaru
 42012 | Elf:3    | Identified the +2 ring mail "Catec" {rF+ rC+}
 42062 | Elf:3    | Identified the +0 chain mail of Jerch {rCorr}
 42252 | Elf:3    | Identified the +0 ring mail of Okawaru {Rampage rF- SInv}
                  | (Okawaru gifted it to you on level 3 of the Elven Halls)
 42252 | Elf:3    | Received a gift from Okawaru
 42265 | Elf:3    | Identified the +11 mace "Conservator" {holy, rF+ Str+4}
 42267 | Elf:3    | Noticed a Brimstone Fiend
 42287 | Elf:3    | Identified the +5 lajatang of the Dwarven Hall {freeze, rF+
                  | rC- Int+8}
 42332 | Elf:3    | Found the +10 tower shield of Ignorance {rN+ Int-4}
 42737 | Elf:3    | Reached XP level 20. HP: 155/195 MP: 21/21
 43756 | Snake:3  | Found a runed translucent door.
 43756 | Snake:3  | Found a shimmering altar of Xom.
 43756 | Snake:3  | Noticed Tebe's ghost (journeyman DsGl)
 43757 | Snake:3  | Identified the +7 broad axe of the Rattlesnake {chaos,
                  | Dex+2}
 43758 | Snake:3  | Noticed Louise
 43788 | Snake:3  | Killed Louise
 43868 | Snake:3  | Noticed Peloso's illusion
 43873 | Snake:3  | Noticed Peloso's illusion
 43877 | Snake:3  | Killed Mara
 44529 | Snake:3  | Killed Tebe's ghost
 44573 | Snake:4  | Entered Level 4 of the Snake Pit
 44661 | Snake:4  | Found a transporter.
 44663 | Snake:4  | Found a transporter.
 44796 | Snake:4  | Found a transporter.
 44801 | Snake:4  | Found a transporter.
 45004 | Snake:4  | Found a transporter.
 45005 | Snake:4  | Found a transporter.
 45087 | Snake:4  | Found Egriroux's General Store.
 45089 | Snake:4  | Found Qiass's Magic Scroll Shoppe.
 45092 | Snake:4  | Found Xius's Antique Armour Emporium.
 45149 | Snake:4  | Bought a scroll of teleportation for 33 gold pieces
 45149 | Snake:4  | Bought a scroll of teleportation for 33 gold pieces
 45159 | Snake:4  | Bought a heavily runed buckler for 351 gold pieces
 45159 | Snake:4  | Identified the +1 buckler of the Blessed Realm {MP+9} (You
                  | bought it in a shop on level 4 of the Snake Pit)
 45228 | Snake:4  | Received a gift from Okawaru
 46166 | Snake:4  | Got a serpentine rune of Zot
 46802 | Swamp:4  | Entered Level 4 of the Swamp
 46819 | Swamp:4  | Identified the +6 falchion of Dishonour {vorpal, rC+ Int+2
                  | Dex+4 Stlth-} (Okawaru gifted it to you on level 4 of the
                  | Swamp)
 46819 | Swamp:4  | Received a gift from Okawaru
 47446 | Swamp:4  | Noticed a bone dragon
 47477 | Swamp:4  | Killed a bone dragon
 47781 | Swamp:4  | Got a decaying rune of Zot
 47845 | Swamp:4  | Acquired a +4 double sword of holy wrath
 48263 | Vaults:1 | Entered Level 1 of the Vaults
 48729 | Snake:4  | Bought a scroll of brand weapon for 220 gold pieces
 48734 | Snake:4  | Bought a scroll of brand weapon for 340 gold pieces
 49120 | Vaults:1 | Reached XP level 21. HP: 165/206 MP: 22/22
 49596 | Vaults:1 | Identified the +1 kite shield of Surchout {rC- Str+6}
                  | (Okawaru gifted it to you on level 1 of the Vaults)
 49596 | Vaults:1 | Received a gift from Okawaru
 50018 | Vaults:1 | Identified the +1 war axe of Dried Tears {spect, *Noise
                  | Str+8}
 51001 | Vaults:2 | Reached skill level 5 in Stealth
 51105 | Vaults:2 | Found a staircase to the Crypt.
 51105 | Vaults:2 | Found a basalt altar of Yredelemnul.
 51106 | Vaults:2 | Found an ancient bone altar of Kikubaaqudgha.
 52215 | Vaults:3 | Received a gift from Okawaru
 52225 | Vaults:3 | Found a glowing silver altar of Zin.
 52225 | Vaults:3 | Found a glowing golden altar of the Shining One.
 52235 | Vaults:3 | Found a white marble altar of Elyvilon.
 52235 | Vaults:3 | Found a crumbling gateway.
 52272 | Desolati | Entered the Desolation of Salt
 52502 | Desolati | Reached XP level 22. HP: 210/217 MP: 23/23
 52523 | Desolati | Identified the ring "Lenneda" {rPois rN+ Int+6}
 52528 | Desolati | Identified the ring of Lady Luck {Dex+3 SInv}
 52530 | Desolati | Identified the +9 falchion "Ufenorpha" {antimagic, Dex+6
                  | SInv Stlth+}
 52724 | Desolati | Identified the +0 pair of gloves "Plog" {rC+ rCorr Int+4
                  | Stlth-}
 52728 | Desolati | Found the +6 arbalest "Damnation" {damnation}
 52738 | Desolati | Got the Grimoire of Earthen Evil Magic
 52973 | Desolati | Reached skill level 27 in Shields
 54150 | Vaults:3 | Received a gift from Okawaru
 54331 | Vaults:3 | You fall into a shaft and drop 1 floor!
 54371 | Vaults:4 | Reached skill level 15 in Dodging
 54924 | Vaults:4 | Acquired the +0 hat of Generosity {Str+3 SInv}
 55487 | Vaults:2 | Received a gift from Okawaru
 56581 | Vaults:5 | Entered Level 5 of the Vaults
 56618 | Vaults:4 | Reached XP level 23. HP: 119/229 MP: 24/24
 57034 | Vaults:5 | Noticed Bai Suzhen
 57127 | Vaults:4 | Killed Bai Suzhen
 57475 | Vaults:5 | Received a gift from Okawaru
 57659 | Vaults:5 | Identified the ring "Gaptes" {*Corrode rElec rN+ Dex+3}
 57836 | Vaults:5 | Noticed an ancient lich
 57847 | Vaults:5 | Killed an ancient lich
 57946 | Vaults:5 | Got the Grimoire of Mutagenic Fire
 57947 | Vaults:5 | Identified the +4 ice dragon scales of Uskayaw {rF- rC++
                  | MP-9 Str+4 Dex+7}
 57991 | Vaults:5 | Identified the +7 chain mail "Joqioph" {rPois} (Okawaru
                  | gifted it to you on level 5 of the Vaults)
 57991 | Vaults:5 | Received a gift from Okawaru
 58063 | Vaults:5 | Identified the +6 dagger of Famowol {vamp, rF+ Dex-4 SInv}
 58205 | Vaults:5 | Noticed an ancient lich
 58217 | Vaults:5 | Killed an ancient lich
 58358 | Vaults:5 | Identified the ring of Fuoh {EV+4 Str+4 Int+3 Dex-4}
 58422 | Vaults:5 | Got the Compendium of Evil and Transformation
 58424 | Vaults:5 | Got the Catalogue of Quantum Enchantment
 59018 | Vaults:5 | Got a silver rune of Zot
 60072 | Crypt:1  | Entered Level 1 of the Crypt
 60227 | Crypt:1  | Reached XP level 24. HP: 196/241 MP: 24/24
 61310 | Crypt:2  | Received a gift from Okawaru
 61962 | Crypt:3  | Entered Level 3 of the Crypt
 62068 | Crypt:3  | Found a staircase to the Tomb.
 62558 | Crypt:3  | Found the +9 staff of Olgreb {rPois∞}
 62618 | Crypt:3  | Reached skill level 27 in Fighting
 62750 | Crypt:3  | Identified the +0 pair of boots of Weny {rElec Int+3}
                  | (Okawaru gifted it to you on level 3 of the Crypt)
 62750 | Crypt:3  | Received a gift from Okawaru
 62827 | Crypt:3  | Noticed Frederick
 62834 | Crypt:3  | Killed Frederick
 63256 | Crypt:3  | Noticed a dread lich
 63273 | Crypt:3  | Killed a dread lich
 63681 | Crypt:3  | Identified the amulet "Onokh" {RegenMP Harm Int+4}
 63704 | Crypt:3  | Got the Guide on Evil
 64404 | Depths:1 | Entered Level 1 of the Depths
 64404 | Depths:1 | Found a one-way gateway to a ziggurat.
 64606 | Depths:1 | Reached skill level 27 in Long Blades
 64695 | Depths:1 | Reached XP level 25. HP: 185/257 MP: 24/24
 64968 | Depths:1 | Found a gateway to Hell.
 65414 | Depths:2 | Got the Handbook of Malediction
 65532 | Depths:2 | Identified the +1 ring mail of Xumuytt {Str+3} (Okawaru
                  | gifted it to you on level 2 of the Depths)
 65532 | Depths:2 | Received a gift from Okawaru
 65687 | Depths:2 | Got the Compendium of Intoxication
 65752 | Depths:2 | Paralysed by a floating eye for 2 turns
 65766 | Depths:2 | Paralysed by a floating eye for 4 turns
 66048 | Depths:2 | Found a bloodstained altar of Trog.
 66183 | Depths:2 | Got the Catalogue of the Rocks
 66382 | Depths:2 | Got Ocwirast's Catalogue of Unholy Rites
 66702 | Depths:2 | Got Sif Muna's Papyrus of Cold
 68001 | Depths:3 | Identified the ring "Ilerurph" {rF+ rCorr Str+3 Slay+6}
 68003 | Depths:3 | Identified the amulet "Ifuis" {Acrobat Int+5 Dex+4}
 68006 | Depths:3 | Identified the +1 mace of the Ecumenical Temple {spect, rC+
                  | rCorr Int-4}
 68010 | Depths:3 | Identified the +5 dagger "Goblinslayer" {drain, *Slow rElec
                  | Dex+9}
 68083 | Depths:4 | Entered Level 4 of the Depths
 68083 | Depths:4 | Found a burning altar of Makhleb.
 68106 | Depths:4 | Received a gift from Okawaru
 68110 | Depths:4 | Found an iron altar of Okawaru.
 68209 | Depths:4 | Got Sif Muna's Collected Works on the Arsonist
 68365 | Depths:4 | Reached XP level 26. HP: 180/266 MP: 25/25
 68590 | Depths:4 | Found a gate to the Realm of Zot.
 68969 | Depths:4 | Received a gift from Okawaru
 69012 | Depths:4 | Found Seyhezxa's Antique Armour Shoppe.
 69027 | Depths:4 | Found Jisk's Book Emporium.
 69360 | Zot:1    | Entered Level 1 of the Realm of Zot
 69535 | Zot:1    | Reached skill level 27 in Armour
 69697 | Zot:1    | Identified the +1 pair of boots of Gravity {Str+3 Dex+2}
                  | (Okawaru gifted it to you on level 1 of the Realm of Zot)
 69697 | Zot:1    | Received a gift from Okawaru
 70378 | D:14     | Bought a potion of mutation for 224 gold pieces
 70673 | Elf:1    | You paid a toll of +4 shadow dragon scales to enter a
                  | treasure trove
 70674 | Trove    | Entered a treasure trove
 70676 | Trove    | Found the ring of Shadows {Umbra +Inv Stlth+}
 70692 | Trove    | Identified the amulet of Ixakit {RegenMP -Tele Slay+5 SInv}
 70697 | Trove    | Identified the ring "Boniec" {Ice Str+4 SInv}
 70704 | Trove    | Identified the ring "Dyukh" {rPois Int+2 Slay+4}
 70709 | Trove    | Identified the amulet "Hekk" {Faith Will+++ Regen+ Str-2}
 70722 | Trove    | Identified the ring "Attaudea" {rN+ Will+ Slay+4 Stlth+}
 70724 | Trove    | Identified the amulet "Teha" {Faith rC+ Str-5 SInv}
 70945 | D:14     | Acquired the +0 hat of Pulejong {rElec rN+}
 71194 | Slime:1  | Entered Level 1 of the Pits of Slime
 71199 | Slime:1  | Gained mutation: You are clumsy. (Dex -2) [a shining eye]
 71333 | Slime:4  | Gained mutation: Your body sometimes deteriorates upon
                  | taking damage. [a shining eye]
 71344 | Slime:4  | Found a viscous altar of Jiyva.
 71529 | Slime:5  | Entered Level 5 of the Pits of Slime
 71578 | Slime:5  | Gained mutation: You sometimes lose the ability to read
                  | scrolls when taking damage. [a shining eye]
 71597 | Slime:5  | Reached skill level 5 in Invocations
 71622 | Slime:5  | Reached skill level 10 in Stealth
 71729 | Slime:5  | Noticed the Royal Jelly
 72106 | Slime:5  | Killed the Royal Jelly
 72106 | Slime:5  | Received a gift from Okawaru
 72742 | Slime:5  | Reached skill level 5 in Evocations
 72774 | Slime:5  | Found the +7 pair of quick blades "Gyre" and "Gimble"
                  | {protect}
 72794 | Slime:5  | Identified the +1 robe of Xootiu {Drain rC++}
 72819 | Slime:5  | Got a slimy rune of Zot
 72821 | Slime:5  | Got the Guide on Flight and the Traveller
 72849 | Slime:5  | Identified the +9 hand axe "Guf Ulur" {drain, *Corrode rC+
                  | Dex+2 SInv}
 72907 | Slime:5  | Lost mutation: You sometimes lose the ability to read
                  | scrolls when taking damage. [potion of mutation]
 72907 | Slime:5  | Lost mutation: You are partially covered in iridescent
                  | scales. (AC +2) [potion of mutation]
 72907 | Slime:5  | Lost mutation: Your body sometimes deteriorates upon taking
                  | damage. [potion of mutation]
 72907 | Slime:5  | Gained mutation: You are weak. (Str -2) [potion of
                  | mutation]
 72907 | Slime:5  | Lost mutation: You are clumsy. (Dex -2) [potion of
                  | mutation]
 72907 | Slime:5  | Gained mutation: Your flesh is cold resistant. (rC+)
                  | [potion of mutation]
 73778 | Zot:1    | Noticed an orb of fire
 73790 | Zot:1    | Killed an orb of fire
 75179 | Zot:2    | Identified the +6 quick blade of Loirorcha {vamp, rPois
                  | rCorr} (Okawaru gifted it to you on level 2 of the Realm of
                  | Zot)
 75179 | Zot:2    | Received a gift from Okawaru
 75307 | Zot:2    | Reached XP level 27. HP: 273/273 MP: 27/27
 75323 | Zot:2    | Noticed an orb of fire
 75333 | Zot:2    | Killed an orb of fire
 75365 | Zot:2    | Noticed an orb of fire
 75368 | Zot:2    | Gained mutation: Your magical capacity is low. (-10% MP)
                  | [an orb of fire]
 75371 | Zot:2    | Killed an orb of fire
 76181 | Zot:3    | Identified the +4 falchion "Suazul" {vorpal, rElec rN+
                  | Dex+3} (Okawaru gifted it to you on level 3 of the Realm of
                  | Zot)
 76181 | Zot:3    | Received a gift from Okawaru
 76517 | Zot:3    | Noticed an orb of fire
 76523 | Zot:3    | Gained mutation: You are frail. (-10% HP) [an orb of fire]
 76525 | Zot:3    | Killed an orb of fire
 77261 | Zot:4    | Received a gift from Okawaru
 77409 | Zot:4    | Reached skill level 10 in Invocations
 77465 | Zot:4    | Noticed an orb of fire
 77469 | Zot:4    | Gained mutation: You tend to lose your temper in combat.
                  | [an orb of fire]
 77490 | Zot:4    | HP: 8/245 [orb of fire/fireball (17)]
 77492 | Zot:4    | Killed from afar by an orb of fire

Illustrated notes

Levels and vault maps discovered:
D:1:      dpeg_arrival_ternary, layout_basic, hangedman_decor_riveting,
          chequers_serial_rivers_micro_c
D:2:      minmay_skewed_foursquare, layout_loops_corners,
          chequers_ecumenical_altar_island
D:3:      minmay_bubble_buster, layout_loops_corners, gammafunk_ghost_split
D:4:      layout_rooms, grunt_gozag_breadcrumbs, minmay_temple_entry_junction
D:5:      layout_loops_cross, kennysheep_mini, nicolae_tso_besieged_by_evil,
          lemuel_round_altar, gammafunk_temple_overflow_statue,
          portal_sewer_entry_e, hangedman_glass_teeth,
          chequers_serial_rivers_micro_a, grunt_ministairs_12,
          chequers_serial_rivers_micro_a, small_statue_intersection
D:6:      layout_basic, lemuel_tele_altar, fedhas_altar_fruit_tree, uniq_edmund,
          uniq_eustachio
D:7:      layout_loops_ring, kennysheep_crisscross, uniq_menkaure, uniq_harold
D:8:      layout_rooms, mainiacjoe_overflow_catwalk_spiral, serial_shops,
          nicolae_diamond_shop, uniq_joseph, uniq_maurice, uniq_erica,
          uniq_maggie
D:9:      layout_roguey, orc_0_dummy, enter_bailey_2
D:10:     layout_cave_pools, uniq_psyche
D:11:     layout_roguey, erik_lair_dragon, grunt_decor_one_mirror
D:12:     layout_roguey, kennysheep_generic_room_3
D:13:     layout_cave_pools, david_vaults_1, uniq_jorgrun
D:14:     layout_cave_pools, grunt_dithmenos_smoke, serial_shops, shop_statue,
          portal_ice_cave_entry_ice_statue_two
D:15:     hangedman_depths_entry_civil_slaughter, layout_stronghold,
          nicolae_qazlal_style_of_elements
Temple:   minmay_temple_bridge_abc
Lair:1:   layout_cellular_growth
Lair:2:   layout_gridlike, skrybe_swamp_entry_bodies,
          minmay_snake_entry_guardpost_large, gauntlet_entry_generic,
          beast_lair_carwin_10, infiniplex_staircase_pool_2
Lair:3:   layout_roguey
Lair:4:   cheibrodos_lair_overgrown_chateau, layout_hall_layers,
          grunt_megastairs_1, infiniplex_staircase_pool
Lair:5:   layout_regular_city, chequers_serial_rivers_small_a,
          serial_bayou_crossing
Lair:6:   hellmonk_lair_end_abyssal_woods, layout_misc_corridors,
          nicolae_slime_entry_slimehenge, st_stairs_13,
          chequers_serial_rivers_room_b, grunt_megastairs_2, uniq_sonja,
          uniq_rupert
Swamp:1:  layout_basic_swamp, evilmike_swamp_ruin_rubble_1, swamp_pool1,
          hangedman_swamp_phenomena
Swamp:2:  layout_falls_marsh, gammafunk_ghost_split, evilmike_swamp_ruin_house_5
Swamp:3:  layout_basic_swamp, ebering_ghost_rock_garden,
          nicolae_swamp_orc_logging_accident, swamp_pool1,
          nicolae_swamp_nymph_family_reunion
Swamp:4:  swamp_pestilence, layout_basic_swamp
Snake:1:  layout_basic, nicolae_snake_coiling_death, uniq_aizul, uniq_roxanne,
          uniq_mlioglotl
Snake:2:  layout_honeycomb, grunt_ministairs_10, nicolae_snake_gridmaze_swirls,
          uniq_frances
Snake:3:  layout_chambers, special_room, ebering_ghost_xom,
          nicolae_snake_gridmaze_spiral, uniq_louise, uniq_mara, uniq_agnes
Snake:4:  johnstein_snake_rune_scales, layout_gridlike, serial_nicolae_subway,
          nicolae_sub_station_metal, nicolae_sub_station_crystal,
          nicolae_sub_station_stone, serial_bayou_shore_a, serial_bayou_shore_b,
          minmay_shop_star, grunt_megastairs_3, lemuel_fruit_tree
Slime:1:  layout_caves, cheibrodos_slime_lost_civilization_6
Slime:2:  layout_caves, nicolae_slime_welcoming_committee
Slime:3:  layout_caves
Slime:4:  layout_caves, basic_altar
Slime:5
Orc:1:    layout_diamond_mine
Orc:2:    pf_orc_diabolical, layout_caves, uniq_donald, uniq_erolcha
Elf:1:    elf_arrival_002, layout_geoelf_octagon, serial_shops,
          nicolae_shop_bloodbath_and_beyond, nicolae_trove_entry_isolated,
          minivault_28
Elf:2:    nicolae_elf_blades_crystal_corner, layout_gridlike,
          nicolae_elf_glassroom_feature
Elf:3:    grunt_elf_hall_diamonds, layout_loops_cross, serial_shops, shop,
          nrook_loot_triangle
Vaults:1: v_misc_4, hangedman_vaults_trim, v_alt_pattern_2, st_quartered_hall,
          v_misc_15, vaults_dpeg_hooks, nicolae_vaults_gold_heap,
          vaults_standard_mumra_x, layout_vaults_quadrants
Vaults:2: hangedman_vaults_unwind, v_rooms_5, vaults_room_semicircle,
          vaults_room_ringed_pool, minmay_crypt_entry_necro_gods, st_octagons_1,
          nicolae_vaults_little_squares_3, v_pattern_1, hangedman_vaults_nails,
          nicolae_vaults_theta, hangedman_vaults_stretched_pinwheel,
          hangedman_vaults_nails, hangedman_vaults_corner_blocks, v_misc_32,
          layout_vaults_maze_snakey
Vaults:3: portal_desolation_entry_holy_temple, vaults_room_hallway,
          nicolae_vaults_network_s, v_pattern_5, v_misc_11,
          hangedman_vaults_pinch, v_alt_pattern_6, hangedman_vaults_cutoff,
          layout_vaults_omnicross, serial_glass
Vaults:4: grunt_vaults_hallway_short, ontoclasm_vaults_ring_large,
          nicolae_vaults_alarming, vaults_room_large_hall,
          vaults_standard_mumra_lines, nicolae_vaults_big_angled_halls,
          hangedman_vaults_nodes, ontoclasm_vaults_eye, vaults_mumra_chevron,
          nicolae_vaults_little_squares_3, nicolae_vaults_theta,
          layout_vaults_ring
Vaults:5: uniq_bai_suzhen
Crypt:1:  layout_chaotic_city, roderic_lattice_octagonal_star,
          grunt_crypt_arrival_split
Crypt:2:  layout_rooms
Crypt:3:  due_elkab, layout_chaotic_city, tomb_entry_simple_bobbens,
          uniq_frederick
Depths:1: layout_cave_pools, enter_ziggurat_f, hell_entry, drop_trap,
          bh_walls_and_bars
Depths:2: minmay_the_grid_octo_tiled_squarecenter [minmay_the_grid_octo_horde,
          minmay_the_grid_octo_concentric, minmay_the_grid_octo_clover_2,
          minmay_the_grid_octo_vomiting_pacman,
          minmay_the_grid_square_5x5_megaprize_hollow,
          minmay_the_grid_square_5x5_eight_small,
          minmay_the_grid_square_5x5_checkered,
          minmay_the_grid_square_5x5_one_wall,
          minmay_the_grid_square_5x5_minimal], layout_long_grid,
          grunt_pan_entry_in_and_out, hell_entry, serial_hangedman_research,
          hangedman_research_geology, hangedman_research_probablistics,
          hangedman_research_thermodynamics, hangedman_research_thanatology,
          hangedman_research_toxicology, hangedman_research_convocations,
          abyss_entry, trog_three_pillars_becter
Depths:3: minmay_haunted_quarter, layout_honeycomb, abyss_entry,
          nicolae_lava_and_water, hangedman_coc_ice_floe,
          infiniplex_staircase_zigzag_3
Depths:4: evilmike_zot_entry_basic, layout_gridlike, basic_altar, hell_entry,
          argonaut_fire_from_heaven, grunt_megastairs_4, minmay_shoptagon
Zot:1:    infiniplex_zot_generator, layout_cathedral_of_symmetry
Zot:2:    layout_gridlike, lemuel_elevator
Zot:3:    layout_gridlike
Zot:4:    lemuel_draconian_sentries, layout_concentric_octagons,
          ebering_ghost_gozag

Skill      XL: |  1  2  3  4  5  6  7  8  9 10 11 12 13 14 15 16 17 18 19 20 21 22 23 24 25 26 27 |
---------------+----------------------------------------------------------------------------------+-----
Armour         | 4 5 6 8 9 11 13 15 16 17 18 19 21 26 27 | 27.0
Fighting       | 4 5 6 7 8 9 12 14 16 17 18 19 20 21 22 24 25 27 | 27.0
Long Blades    | 3 4 5 6 7 9 11 13 14 15 16 17 18 19 20 21 23 24 27 | 27.0
Shields        | 4 5 6 8 11 13 15 16 19 21 23 25 26 27 | 27.0
Dodging        | 1 2 3 5 7 8 10 11 12 13 14 15 17 | 17.0
Stealth        | 1 2 3 4 5 11 13 | 13.5
Evocations     | 1 2 5 6 |  6.7
Invocations    | 1 2 3 4 7 10 | 10.2
Axes           | 1 |  1.5
Slings         | 1 |  1.3
Short Blades   | 1 |  1.3
Maces & Flails | 1 |  1.5
Polearms       | 1 |  1.2
Staves         | 1 |  1.2
Bows           | 1 |  1.1
Crossbows      | 1 |  1.1
Throwing       | 1 |  1.0
Unarmed Combat | 1 |  1.2
Spellcasting   | |  0.7
Conjurations   | |  0.6
Hexes          | |  0.5
Summonings     | |  0.8
Necromancy     | |  0.8
Translocations | |  0.6
Transmutations | |  0.7
Fire Magic     | |  0.6
Ice Magic      | |  0.6
Air Magic      | |  0.6
Earth Magic    | |  0.7
Poison Magic   | |  0.6

Action                   |  1- 3 |  4- 6 |  7- 9 | 10-12 | 13-15 | 16-18 | 19-21 | 22-24 | 25-27 || total
-------------------------+-------+-------+-------+-------+-------+-------+-------+-------+-------++-------
Melee: Long sword        |    52 |   136 |   292 |    45 |       |   947 |   529 |       |       ||  2001
       Headbutt          |     9 |    18 |    69 |   120 |   217 |   458 |   689 |   755 |   596 ||  2931
       Scimitar          |       |       |       |   502 |   818 |   744 |  1034 |       |       ||  3098
       Unarmed           |       |       |       |     6 |       |       |       |       |       ||     6
       Double sword      |       |       |       |       |       |       |   710 |  2134 |  1751 ||  4595
Invok: Heroism           |       |       |     2 |     8 |    12 |    18 |    15 |     9 |     8 ||    72
Evoke: Wand              |       |       |     4 |     5 |       |     8 |     7 |       |     3 ||    27
  Use: Scroll            |       |       |     8 |     8 |    13 |     7 |    15 |     4 |    25 ||    80
       Potion            |       |       |       |     4 |     8 |     9 |     3 |       |    12 ||    36
 Stab: Petrifying        |       |       |       |     2 |       |       |       |       |       ||     2
       Petrified         |       |       |       |     1 |       |       |       |       |     2 ||     3
       Invisible         |       |       |       |     1 |       |       |       |       |       ||     1
       Sleeping          |       |       |       |       |     1 |     2 |     4 |       |       ||     7
       Distracted        |       |       |       |       |       |     3 |       |       |     1 ||     4
       Confused          |       |       |       |       |       |     3 |       |       |       ||     3
Armor: Scale mail        |    22 |    83 |    51 |   246 |   312 |   601 |   711 |   378 |       ||  2404
       Plate armour      |       |       |   109 |    93 |       |       |       |       |       ||   202
       Ice dragon scales |       |       |       |       |       |     4 |       |       |       ||     4
       Gold dragon scale |       |       |       |       |       |       |       |   210 |   732 ||   942
Dodge: Dodged            |    38 |    61 |   113 |   233 |   300 |   662 |   939 |   798 |   678 ||  3822
Block: Buckler           |    16 |    35 |    66 |   344 |   344 |       |       |       |       ||   805
       Reflection        |       |       |       |     7 |     4 |    93 |   211 |    50 |    31 ||   396
       Other             |       |       |       |     1 |       |       |       |       |       ||     1
       Kite shield       |       |       |       |       |   327 |  1690 |       |       |       ||  2017
       Tower shield      |       |       |       |       |       |    14 |  2644 |  2465 |  1859 ||  6982
